 Dungeon Crawl Stone Soup version 0.26-a0-665-gefeb406119 (webtiles) character file.

Game seed: 4043420396653145319

327 jasper the Digger (level 6, -1/45 HPs)
             Began as a Demigod Earth Elementalist on Oct 16, 2020.
             Slain by a howler monkey (4 damage)
             ... on level 5 of the Dungeon.
             The game lasted 00:07:07 (3413 turns).

jasper the Digger (Demigod Earth Elementalist)      Turns: 3413, Time: 00:07:07

Health: -1/45      AC:  3    Str: 11    XL:     6   Next: 3%
Magic:  0/14       EV: 12    Int: 23    God:
Gold:   127        SH:  0    Dex: 16    Spells: 5/11 levels left

rFire    . . .     SeeInvis .   o - +0 whip (pain)
rCold    . . .     Faith    .   (no shield)
rNeg     . . .     Spirit   .   c - +0 robe
rPois    .         Reflect  .   (no helmet)
rElec    .         Harm     .   (no cloak)
rCorr    .         Rampage  .   p - +0 pair of gloves
MR       .....                  (no boots)
Stlth    ++........             (no amulet)
HPRegen  0.15/turn              (no ring)
MPRegen  0.14/turn              (no ring)

@: no status effects
A: high mp 1
a: no special abilities


You were on level 5 of the Dungeon.
You visited 1 branch of the dungeon, and saw 5 of its levels.

You collected 127 gold pieces.

Inventory:

Hand Weapons
 n - a +0 spear
 o - a +0 whip of pain (weapon)
Missiles
 u - 6 boomerangs (quivered)
Armour
 c - a +0 robe (worn)
 p - a +0 pair of gloves (worn)
 x - a +0 leather armour
Scrolls
 a - 2 scrolls of remove curse
 d - a scroll of fear {unknown}
 f - 2 scrolls of teleportation {unknown}
 m - a scroll of enchant armour {unknown}
 s - a scroll of immolation {unknown}
 t - a scroll of amnesia {unknown}
 v - a scroll of noise {unknown}
 w - a scroll of enchant weapon {unknown}
Potions
 e - 2 potions of curing
 g - 2 potions of berserk rage {unknown}
 h - a potion of ambrosia {unknown}
 j - 2 potions of resistance {unknown}
 k - a potion of haste
 q - 2 potions of stabbing {unknown}
 z - a potion of heal wounds {unknown}


   Skills:
 - Level 1.7 Dodging
 - Level 1.7 Stealth
 + Level 3.4 Spellcasting
 - Level 0.8 Transmutations
 * Level 5.5 Earth Magic


You had 5 spell levels left.
You knew the following spells:

 Your Spells              Type           Power        Failure   Level
a - Sandblast             Erth           ####..       1%          1
b - Passwall              Tmut/Erth      ###.....     4%          2
c - Stone Arrow           Conj/Erth      ###...       11%         3

Your spell library contained the following spells:

 Spells                   Type           Power        Failure   Level
 Petrify                  Tmut/Erth      ###.....     30%         4
 Lee's Rapid Deconstruct  Erth           ####......   32%         5


Dungeon Overview and Level Annotations

Branches:
Dungeon (5/15)
 Temple: D:4-7

Annotations:
D:4 Grinder


Innate Abilities, Weirdness & Mutations

You have an increased reservoir of magic. (+10% MP)


Message History

You take 4 damage, and have 5/38 hp.
A bullfrog comes into view.
The bullfrog croaks.
The bullfrog hits you.
* * * LOW HITPOINT WARNING * * *
The hound bites you.
* * * LOW HITPOINT WARNING * * *
The howler monkey hoots and howls with incredible vigour!
You take 3 damage, and have 2/38 hp.
You kill the hound!
You have reached level 6!
Your experience leads to a dramatic increase in your attributes!
Increase (S)trength, (I)ntelligence, or (D)exterity?
You feel clever. x2
The bullfrog hits you but does no damage.
Unknown command.
Unknown command.
Okay, then.
The howler monkey hits you.
You die...

#########
#..†..((#
#.#.###.#
#Fh..##.#
##@....#h####
............?....#
#.##.##.....#.##(#
#. #.....<.##(# #.
..##.######.# # #
### #.# ###h####
#......# #.#.##.#


You could see a bullfrog and a howler monkey.

Vanquished Creatures
  A howler monkey (D:5)
  2 hounds
  An orc wizard (D:4)
  An orc priest (D:4)
  3 gnolls
  6 adders
  2 worms (D:2)
  3 leopard geckos (D:3)
  5 orcs
  7 giant cockroaches
  6 goblins
  7 hobgoblins
  9 jackals
  8 kobolds
  A quokka (D:3)
  5 bats
  2 frilled lizards
  7 rats
76 creatures vanquished.

Notes
Turn   | Place    | Note
-------+----------+-------------------------------------------
     0 | D:1      | jasper the Demigod Earth Elementalist began the quest for
                  | the Orb.
     0 | D:1      | Reached XP level 1. HP: 14/14 MP: 5/5
   168 | D:1      | Reached skill level 3 in Earth Magic
   461 | D:1      | Reached XP level 2. HP: 20/20 MP: 4/7
   979 | D:2      | Reached XP level 3. HP: 19/26 MP: 0/9
  1783 | D:2      | Learned a level 2 spell: Passwall
  1787 | D:2      | Learned a level 3 spell: Stone Arrow
  1882 | D:2      | Reached skill level 4 in Earth Magic
  1978 | D:2      | Found a shimmering blue altar of Sif Muna.
  1979 | D:2      | Found a hide-covered altar of Uskayaw.
  1986 | D:2      | Reached XP level 4. HP: 33/33 MP: 6/10
  3170 | D:4      | Reached XP level 5. HP: 17/38 MP: 9/12
  3319 | D:4      | Reached skill level 5 in Earth Magic
  3332 | D:4      | Noticed Grinder
  3356 | D:5      | Entered Level 5 of the Dungeon
  3385 | D:5      | Noticed a phantom
  3411 | D:5      | Reached XP level 6. HP: 2/45 MP: 0/14
  3413 | D:5      | Slain by a howler monkey

Illustrated notes

Levels and vault maps discovered:
D:1:      dpeg_arrival_shelter, layout_basic
D:2:      layout_rooms, gammafunk_temple_overflow_pools
D:3:      layout_rooms, chequers_ecumenical_altar_grove, minmay_diced_spiral
D:4:      layout_basic, gammafunk_ghost_gnarly_gnolls, uniq_grinder
D:5:      layout_loops_corners, ebering_ghost_disaster_area, serial_shops,
          kennysheep_mini_moat, uniq_edmund, uniq_menkaure

Skill      XL: |  1  2  3  4  5 |
---------------+----------------+-----
Earth Magic    | 3 4 5 |  5.5
Spellcasting   | 2 3 |  3.4
Dodging        | |  1.7
Stealth        | |  1.7
Transmutations | |  0.8

Action                   |  1- 3 |  4- 6 || total
-------------------------+-------+-------++-------
Melee: Whip              |     7 |    62 ||    69
       Spear             |     3 |       ||     3
Throw: Stone             |     3 |       ||     3
       Dart              |       |    57 ||    57
       Boomerang         |       |     1 ||     1
 Cast: Sandblast         |    59 |    29 ||    88
       Stone Arrow       |       |     6 ||     6
  Use: Scroll            |       |     3 ||     3
       Potion            |       |     3 ||     3
 Stab: Sleeping          |       |     1 ||     1
Armor: Robe              |     6 |    26 ||    32
Dodge: Dodged            |    26 |    68 ||    94

Table legend: (Time is in decaauts)
 A = Elapsed time spent in this place.
 B = Non-inter-level travel time spent in this place.
 C = Inter-level travel time spent in this place.
 D = Time resting spent in this place.
 E = Time spent auto-exploring this place.
 F = Levels seen in this place.
 G = Mean time per level.
                   A        B        C        D        E       F      G
               +--------+--------+--------+--------+--------+-----+--------+
         Total |   3406 |   3336 |     70 |    992 |   1609 |   5 |  681.2 |
       Dungeon |   3406 |   3336 |     70 |    992 |   1609 |   5 |  681.2 |
               +--------+--------+--------+--------+--------+-----+--------+

Top non-repeatable levels by time:
     D:2: 1266 daAuts
     D:1: 1162 daAuts
     D:3: 708 daAuts
     D:4: 224 daAuts
     D:5: 45 daAuts
